 Dungeon Crawl Stone Soup version 0.29.1-2-gbd0b4ee654 (webtiles) character file.

Game seed: 4678035009104025857

1670 llahlahkje the Spear-Bearer (level 9, -8/66 HPs)
             Began as a Gnoll Wanderer on Oct 27, 2022.
             Was an Elder of Zin.
             Mangled by Joseph
             ... wielding a +0 quarterstaff
              (14 damage)
             ... on level 7 of the Dungeon.
             The game lasted 00:25:57 (4738 turns).

llahlahkje the Spear-Bearer (Gnoll Wanderer)        Turns: 4738, Time: 00:25:58

Health: -8/66      AC: 10    Str: 29    XL:     9   Next: 1%
Magic:  15/16      EV:  9    Int: 14    God:    Zin [****..]
Gold:   245        SH:  5    Dex: 11    Spells: 16/17 levels left

rFire   . . .      SeeInvis .   a - +4 spear (venom)
rCold   . . .      Faith    .   b - +0 buckler
rNeg    . . .      Spirit   .   g - +0 chain mail
rPois   ∞          Reflect  .   (no helmet)
rElec   .          Harm     .   A - +0 cloak
rCorr   .          Rampage  .   (no gloves)
Will    .....                   (no boots)
Stlth   ..........              (no amulet)
HPRegen 0.21/turn               j - +6 ring of strength
MPRegen 0.15/turn               l - +6 ring of strength

@: vitalised
A: fangs 1, strong nose, distributed training
a: Renounce Religion, Recite, Vitalisation, Imprison, Donate Gold


You were on level 7 of the Dungeon.
You worshipped Zin.
Zin was greatly pleased with you.
You visited 1 branch of the dungeon, and saw 7 of its levels.

You collected 272 gold pieces.
You donated 27 gold pieces to Zin.

Inventory:

Hand Weapons
 a - a +4 spear of venom (weapon)
 r - a +2 dagger of holy wrath
Missiles
 u - 19 stones
Armour
 b - a +0 buckler (worn)
 g - a +0 chain mail (worn)
 t - the +2 leather armour "Xauj" {rF+ rN+ rCorr Int-3}
   (You found it on level 4 of the Dungeon)

   Int:       It affects your intelligence (-3).
   rF:        It protects you from fire.
   rN:        It protects you from negative energy.
   rCorr:     It protects you from acid and corrosion.
 A - a +0 cloak (worn)
Jewellery
 j - a +6 ring of strength (left hand)
 l - a +6 ring of strength (right hand)
 w - a ring of see invisible
 B - a ring of protection from cold
Wands
 c - a wand of light (6)
 q - a wand of polymorph (10)
Scrolls
 f - a scroll of immolation {unknown}
 i - a scroll of silence {unknown}
 n - 4 scrolls of teleportation
 y - a scroll of blinking {unknown}
 z - a scroll of magic mapping {unknown}
Potions
 d - 2 potions of degeneration
 e - 5 potions of brilliance
 h - a potion of ambrosia
 k - 2 potions of haste
 m - a potion of flight
 o - 2 potions of might
 p - 2 potions of resistance {unknown}
 s - a potion of heal wounds {unknown}
 v - a potion of attraction {unknown}


   Skills:
 + Level 4.7 Fighting
 + Level 3.9 Short Blades
 + Level 3.9 Long Blades
 + Level 3.9 Axes
 + Level 3.9 Maces & Flails
 + Level 9.4 Polearms
 + Level 3.9 Staves
 + Level 3.9 Ranged Weapons
 + Level 3.9 Throwing
 + Level 4.7 Armour
 + Level 3.9 Dodging
 + Level 3.9 Stealth
 + Level 6.1 Shields
 + Level 3.9 Unarmed Combat
 + Level 4.9 Spellcasting
 + Level 3.2 Conjurations
 + Level 3.2 Hexes
 + Level 3.2 Summonings
 + Level 3.2 Necromancy
 + Level 3.2 Translocations
 + Level 3.2 Transmutations
 + Level 3.9 Fire Magic
 + Level 3.2 Ice Magic
 + Level 3.2 Air Magic
 + Level 3.2 Earth Magic
 + Level 3.2 Poison Magic
 + Level 4.3 Invocations
 + Level 3.9 Evocations


You had 16 spell levels left.
You knew the following spells:

 Your Spells              Type           Power      Damage    Failure   Level
a - Foxfire               Conj/Fire      52%        2x1d6     26%         1

Your spell library contained the following spells:

 Spells                   Type           Power      Damage    Failure   Level
 Sting                    Tmut/Pois      48%        1d5       30%         1
 Summon Small Mammal      Summ           48%        N/A       30%         1
 Poisonous Vapours        Pois/Air       24%        N/A       41%         2
 Ignite Poison            Fire/Tmut/Pois 13%        N/A       63%         3
 Call Canine Familiar     Summ           12%        N/A       65%         3
 Summon Guardian Golem    Hex/Summ       12%        N/A       65%         3
 Olgreb's Toxic Radiance  Pois           12%        N/A       96%         4


Dungeon Overview and Level Annotations

Branches:
Dungeon (7/15)             Temple (0/1) D:4

Altars:
Hepliaklqana
Kikubaaqudgha
Makhleb
Uskayaw
Xom
Zin

Shops:
D:1 =   D:3 *

Annotations:
D:7 Joseph


Innate Abilities, Weirdness & Mutations

You have very sharp teeth.
Your uncanny sense of smell can sniff out nearby items.
Your experience applies equally to all skills.


Message History

Joseph is lightly wounded.
Joseph shoots a sling bullet.
The sling bullet hits you but does no damage.
Unknown command.
Reach: a) +4 spear (venom)
Press: ? - help, Dir - move target, f/p - Joseph
Aim: Joseph, wielding a +0 sling and wearing a +0 leather armour (lightly wounded, very poisoned, about 31% to evade your +4 spear of venom)
You reach to attack!
You hit Joseph.
Joseph looks as sick as possible!
Joseph is lightly wounded.
Joseph shoots a sling bullet.
The sling bullet closely misses you.
Reach: a) +4 spear (venom)
Press: ? - help, Dir - move target, f/p - Joseph
Aim: Joseph, wielding a +0 sling and wearing a +0 leather armour (lightly wounded, extremely poisoned, about 31% to evade your +4 spear of venom)
You reach to attack!
You hit Joseph.
Joseph is moderately wounded.
Reach: a) +4 spear (venom)
Press: ? - help, Dir - move target, f/p - Joseph
Aim: Joseph, wielding a +0 sling and wearing a +0 leather armour (moderately wounded, extremely poisoned, about 31% to evade your +4 spear of venom)
You reach to attack!
You hit Joseph.
Joseph looks as sick as possible!
Joseph is moderately wounded.
Joseph shoots a sling bullet.
The sling bullet hits you!
You hear a shout!
You start resting.
Joseph is nearby!
You hit Joseph.
Joseph is heavily wounded.
Joseph unwields a +0 sling.
Joseph wields a +0 quarterstaff.
Joseph hits you with a +0 quarterstaff!
You hit Joseph.
Joseph looks as sick as possible!
Joseph is heavily wounded.
You hit Joseph but do no damage.
Joseph is heavily wounded.
Joseph barely misses you.
You closely miss Joseph.
Joseph is heavily wounded.
Joseph hits you with a +0 quarterstaff!!
* * * LOW HITPOINT WARNING * * *
Unknown command.
You feel better. Joseph hits you with a +0 quarterstaff!
You die...

##### #...#### #
#.# ...#
#.#.###.#....#
.........#....##
......@.<.......
.....###@#######
.......@.#
...#.###.# .
.... #####


You could see Joseph (extremely poisoned).

Vanquished Creatures
  Pikel (D:6)
  2 steam dragons (D:6)
  2 lemures (D:6)
  An ogre (D:5)
  A bullfrog (D:6)
  3 necrophages
  4 wights (D:6)
  2 hounds
  2 orc priests
  Crazy Yiuf (D:6)
  2 orc wizards (D:5)
  4 iguanas
  An adder (D:4)
  A white imp (D:5)
  An ufetubus (D:6)
  15 orcs
  5 ball pythons
  9 endoplasms
  5 giant cockroaches
  6 goblins
  5 hobgoblins
  6 jackals
  3 quokkas
  4 bats
  2 frilled lizards
  8 kobolds
  5 rats
101 creatures vanquished.

Vanquished Creatures (others)
  An orc (D:6)
  6 plants
  A withered plant (D:1)
8 creatures vanquished.

Grand Total: 109 creatures vanquished

Notes
Turn   | Place    | Note
-------+----------+-------------------------------------------
     0 | D:1      | llahlahkje the Gnoll Wanderer began the quest for the Orb.
     0 | D:1      | llahlahkje set off with the following items: a +2 spear, a
                  | +0 buckler, a scroll of vulnerability, a +0 leather armour;
                  | and the following spell memorised: Foxfire; and the
                  | following spells available to memorise: Ignite Poison.
     0 | D:1      | Reached XP level 1. HP: 17/17 MP: 4/4
   107 | D:1      | Found Kaosup's Jewellery Shoppe.
   278 | D:1      | Reached XP level 2. HP: 23/23 MP: 5/5
   279 | D:1      | Found a faded altar of an unknown god.
   304 | D:1      | Prayed at the altar of an unknown god.
   304 | D:1      | Became a worshipper of Zin the Law-Giver
   304 | D:1      | Reached * piety under Zin
   903 | D:2      | Reached XP level 3. HP: 27/28 MP: 7/7
   910 | D:2      | Reached ** piety under Zin
   951 | D:2      | Found an ancient bone altar of Kikubaaqudgha.
   973 | D:2      | Reached skill level 1 in Invocations
  1118 | D:3      | Reached skill level 1 in Short Blades
  1118 | D:3      | Reached skill level 1 in Long Blades
  1118 | D:3      | Reached skill level 1 in Axes
  1118 | D:3      | Reached skill level 1 in Maces & Flails
  1118 | D:3      | Reached skill level 1 in Staves
  1118 | D:3      | Reached skill level 1 in Ranged Weapons
  1118 | D:3      | Reached skill level 1 in Throwing
  1118 | D:3      | Reached skill level 1 in Dodging
  1118 | D:3      | Reached skill level 1 in Stealth
  1118 | D:3      | Reached skill level 1 in Unarmed Combat
  1118 | D:3      | Reached skill level 1 in Evocations
  1118 | D:3      | Reached XP level 4. HP: 34/34 MP: 8/8
  1330 | D:3      | Reached skill level 1 in Conjurations
  1330 | D:3      | Reached skill level 1 in Hexes
  1330 | D:3      | Reached skill level 1 in Summonings
  1330 | D:3      | Reached skill level 1 in Necromancy
  1330 | D:3      | Reached skill level 1 in Translocations
  1330 | D:3      | Reached skill level 1 in Transmutations
  1330 | D:3      | Reached skill level 1 in Ice Magic
  1330 | D:3      | Reached skill level 1 in Air Magic
  1330 | D:3      | Reached skill level 1 in Earth Magic
  1330 | D:3      | Reached skill level 1 in Poison Magic
  1372 | D:3      | Found Anoehi's General Store.
  1973 | D:4      | Found a staircase to the Ecumenical Temple.
  1975 | D:4      | Reached *** piety under Zin
  2241 | D:4      | Identified the +2 leather armour "Xauj" {rF+ rN+ rCorr
                  | Int-3}
  2266 | D:4      | Reached XP level 5. HP: 35/40 MP: 9/9
  2643 | D:5      | Entered Level 5 of the Dungeon
  2951 | D:5      | Reached XP level 6. HP: 25/47 MP: 9/11
  3070 | D:5      | Reached skill level 5 in Shields
  3447 | D:5      | Found a hide-covered altar of Uskayaw.
  3500 | D:5      | Found a burning altar of Makhleb.
  3503 | D:5      | Found a shimmering altar of Xom.
  3503 | D:5      | Found a hazy altar of Hepliaklqana.
  3518 | D:5      | Reached XP level 7. HP: 48/52 MP: 12/12
  3605 | D:6      | Noticed Pikel
  3637 | D:6      | Killed Pikel
  3638 | D:6      | Reached skill level 9 in Polearms
  3638 | D:6      | Reached XP level 8. HP: 40/60 MP: 12/14
  3679 | D:6      | Reached **** piety under Zin
  3917 | D:6      | Found a runed translucent door.
  3918 | D:6      | Noticed Crazy Yiuf
  3929 | D:6      | Killed Crazy Yiuf
  4677 | D:6      | Reached XP level 9. HP: 42/66 MP: 16/16
  4718 | D:7      | Noticed Joseph
  4737 | D:7      | HP: 1/66 [Joseph/+0 quarterstaff (19)]
  4738 | D:7      | Mangled by Joseph

Illustrated notes

Levels and vault maps discovered:
D:1:      beargit_arrival_greenhouse, layout_rooms,
          ebering_ecumenical_altar_petrified, serial_shops,
          nicolae_shop_hallway_plus, serial_bayou, serial_bayou_pond_c,
          serial_bayou_lagoon_a, serial_bayou_pond_e, serial_bayou_ford_a,
          nicolae_titane
D:2:      layout_basic, basic_altar
D:3:      layout_basic, serial_shops, nicolae_shop_window_shopping,
          serial_bayou_crossing
D:4:      layout_basic, minmay_temple_entry_offerings
D:5:      layout_basic, chequers_temple_overflow_statue_of_worship,
          kennysheep_little_box
D:6:      layout_loops_ring, uniq_pikel, uniq_crazy_yiuf_cottage
D:7:      layout_basic, grunt_dithmenos_smoke, marbit_many_paths,
          gammafunk_ghost_wrathful_warriors, hex_large, uniq_joseph

Skill      XL: |  1  2  3  4  5  6  7  8 |
---------------+-------------------------+-----
Fire Magic     | 2 3 |  3.9
Invocations    | 1 2 3 4 |  4.3
Short Blades   | 1 2 3 |  3.9
Long Blades    | 1 2 3 |  3.9
Axes           | 1 2 3 |  3.9
Maces & Flails | 1 2 3 |  3.9
Staves         | 1 2 3 |  3.9
Ranged Weapons | 1 2 3 |  3.9
Throwing       | 1 2 3 |  3.9
Dodging        | 1 2 3 |  3.9
Stealth        | 1 2 3 |  3.9
Unarmed Combat | 1 2 3 |  3.9
Spellcasting   | 3 4 |  4.9
Evocations     | 1 2 3 |  3.9
Conjurations   | 1 2 3 |  3.2
Hexes          | 1 2 3 |  3.2
Summonings     | 1 2 3 |  3.2
Necromancy     | 1 2 3 |  3.2
Translocations | 1 2 3 |  3.2
Transmutations | 1 2 3 |  3.2
Ice Magic      | 1 2 3 |  3.2
Air Magic      | 1 2 3 |  3.2
Earth Magic    | 1 2 3 |  3.2
Poison Magic   | 1 2 3 |  3.2
Fighting       | 3 4 |  4.7
Armour         | 3 4 |  4.7
Shields        | 5 6 |  6.1
Polearms       | 9 |  9.4

Action                   |  1- 3 |  4- 6 |  7- 9 || total
-------------------------+-------+-------+-------++-------
Melee: Spear             |    82 |   129 |   128 ||   339
       Bite              |     7 |    10 |    13 ||    30
Throw: Stone             |       |       |     5 ||     5
Invok: Recite            |       |       |     4 ||     4
       Vitalisation      |       |       |     2 ||     2
  Use: Scroll            |     6 |     3 |     2 ||    11
       Potion            |       |     4 |     6 ||    10
Armor: Leather armour    |     2 |       |       ||     2
       Ring mail         |    21 |       |       ||    21
       Chain mail        |       |    56 |    32 ||    88
Dodge: Dodged            |    22 |    24 |    26 ||    72
Block: Buckler           |    10 |    21 |    19 ||    50
